EL
BOWIE BAYSOX @ CHATTANOOGA LOOKOUTS
07/18/2048
 
TOP OF THE 1ST
Bowie Baysox batting - Pitching for Chattanooga Lookouts : RHP Tom Winsor
Pitching: RHP Tom Winsor
Batting: LHB Tom Edwards 0-0: DOUBLE (Groundball, 3L, EV 99.4 MPH)
Batting: RHB Joe Young 0-0: Called Strike
0-1: Ball
1-1: Ball
2-1: Ball
3-1: Base on Balls
Batting: RHB Muneer Maudad 0-0: Hit by Pitch
Tom Edwards to third
Joe Young to second
Batting: LHB Justin Moore 0-0: Ball
1-0: Ball
2-0: Foul Ball, location: 2F
2-1: Foul Ball, location: 2F
2-2: Ball
3-2: Fly out, F7 (Flyball, 7D, EV 101.2 MPH)
Runner from 3rd tags up, SCORES, no throw by LF
Joe Young to third
Batting: RHB Travis Leonard 0-0: SINGLE (Groundball, 6D, EV 94.4 MPH)
Joe Young scores
Muneer Maudad to second
Batting: LHB Andrew Erens 0-0: Called Strike
0-1: Called Strike
0-2: Ball
1-2: 3-RUN HOME RUN (Flyball, 9LD, EV 95.6 MPH), Distance : 348 ft
Batting: RHB John Gray 0-0: Swinging Strike
0-1: Ball
1-1: SOLO HOME RUN (Flyball, 89XD, EV 99.4 MPH), Distance : 390 ft
Batting: RHB Jeremy Sipe 0-0: Called Strike
0-1: Ball
1-1: Fly out, F9 (Flyball, 89S, EV 86.2 MPH)
Batting: RHB Ray Sims 0-0: Called Strike
0-1: Foul Ball, location: 2F
0-2: Ball
1-2: Strikes out looking
Top of the 1st over - 6 runs, 4 hits, 0 errors, 0 left on base; Bowie 6 - Chattanooga 0
BOTTOM OF THE 1ST
Chattanooga Lookouts batting - Pitching for Bowie Baysox : LHP Freddy Gutierrez
Pitching: LHP Freddy Gutierrez
Batting: SHB Matt Urbani 0-0: Swinging Strike
0-1: Ball
1-1: Ball
2-1: Foul Ball, location: 2F
2-2: Foul Ball, location: 2F
2-2: Ball
3-2: Fly out, F9 (Flyball, 9LD, EV 83.1 MPH)
Batting: RHB John Dew 0-0: Ball
1-0: Ball
2-0: Called Strike
2-1: Foul Ball, location: 2F
2-2: Foul Ball, location: 2F
2-2: Fly out, F9 (Flyball, 9D, EV 93.8 MPH)
Batting: RHB Leo Gonzalez 0-0: SINGLE (Groundball, 56D, EV 95.0 MPH)
Batting: RHB Michael McDonald 0-0: Ball
1-0: Foul Ball, location: 2F
1-1: Ball
2-1: Foul Ball, location: 2F
2-2: Foul Ball, location: 2F
2-2: Fielders Choice at 2nd, 6-4 (Groundball, 6, EV 93.1 MPH)
Bottom of the 1st over - 0 runs, 1 hit, 0 errors, 1 left on base; Bowie 6 - Chattanooga 0
TOP OF THE 2ND
Bowie Baysox batting - Pitching for Chattanooga Lookouts : RHP Tom Winsor
Batting: LHB Tom Edwards 0-0: Ground out 4-3 (Groundball, 34D, EV 85.6 MPH)
Batting: RHB Joe Young 0-0: Ball
1-0: Ball
2-0: Ball
3-0: Base on Balls
Pitching: RHP John Morrison
Batting: RHB Muneer Maudad 0-0: Ball
Joe Young is caught stealing 2nd base 2-4
1-0: Foul Ball, location: 2F
1-1: DOUBLE (Line Drive, 78D, EV 111.9 MPH)
Batting: LHB Justin Moore 0-0: Swinging Strike
0-1: Ball
1-1: Ground out U3 (Groundball, 34S, EV 83.1 MPH)
Top of the 2nd over - 0 runs, 1 hit, 0 errors, 1 left on base; Bowie 6 - Chattanooga 0
BOTTOM OF THE 2ND
Chattanooga Lookouts batting - Pitching for Bowie Baysox : LHP Freddy Gutierrez
Batting: LHB Jon Ventura 0-0: Ball
1-0: Ball
2-0: Called Strike
2-1: Swinging Strike
2-2: Foul Ball, location: 2F
2-2: Strikes out swinging
Batting: RHB Nick Phipps 0-0: Ball
1-0: Foul Ball, location: 2F
1-1: Fly out, F8 (Line Drive, 78D, EV 86.2 MPH)
Batting: LHB Israel Montoya 0-0: Ball
1-0: Ball
2-0: Ball
3-0: Base on Balls
Batting: LHB David Campbell 0-0: Ball
1-0: Called Strike
1-1: Fielders Choice at 2nd, 6-4 (Groundball, 6, EV 88.8 MPH)
Bottom of the 2nd over - 0 runs, 0 hits, 0 errors, 1 left on base; Bowie 6 - Chattanooga 0
TOP OF THE 3RD
Bowie Baysox batting - Pitching for Chattanooga Lookouts : RHP John Morrison
Batting: RHB Travis Leonard 0-0: Called Strike
0-1: Called Strike
0-2: Strikes out swinging
Batting: LHB Andrew Erens 0-0: Foul Ball, location: 2F
0-1: Ball
1-1: SOLO HOME RUN (Line Drive, 89XD, EV 113.1 MPH), Distance : 421 ft
Batting: RHB John Gray 0-0: Foul Ball, location: 2F
0-1: Ball
1-1: Called Strike
1-2: Ball
2-2: Fly out, F7 (Flyball, 78S, EV 87.5 MPH)
Batting: RHB Jeremy Sipe 0-0: Ball
1-0: Ball
2-0: Ground out 2-3 (Groundball, 2L, EV 65.6 MPH)
Top of the 3rd over - 1 run, 1 hit, 0 errors, 0 left on base; Bowie 7 - Chattanooga 0
BOTTOM OF THE 3RD
Chattanooga Lookouts batting - Pitching for Bowie Baysox : LHP Freddy Gutierrez
Batting: RHB Jose Gracia 0-0: Foul Ball, location: 2F
0-1: Ball
1-1: Ground out 6-3 (Groundball, 6, EV 86.2 MPH)
Batting: SHB Matt Urbani 0-0: Called Strike
0-1: Ball
1-1: Foul Ball, location: 2F
1-2: Ball
2-2: Foul Ball, location: 2F
2-2: SINGLE (Groundball, 4M, EV 99.4 MPH) (infield hit)
Batting: RHB John Dew 0-0: Called Strike
Matt Urbani steals 2nd base
0-1: Ground out 6-3 (Groundball, 6, EV 104.4 MPH)
Batting: RHB Leo Gonzalez 0-0: Foul Ball, location: 2F
0-1: Foul Ball, location: 2F
0-2: Foul Ball, location: 2F
0-2: Ground out 5-3 (Groundball, 56S, EV 71.2 MPH)
Bottom of the 3rd over - 0 runs, 1 hit, 0 errors, 1 left on base; Bowie 7 - Chattanooga 0
TOP OF THE 4TH
Bowie Baysox batting - Pitching for Chattanooga Lookouts : RHP John Morrison
Batting: RHB Ray Sims 0-0: Ball
1-0: Called Strike
1-1: Called Strike
1-2: Ground out 5-3 (Groundball, 5, EV 78.8 MPH)
Batting: LHB Tom Edwards 0-0: Fly out, F7 (Flyball, 7, EV 99.4 MPH)
Batting: RHB Joe Young 0-0: Called Strike
0-1: Swinging Strike
0-2: Ball
1-2: Ball
2-2: Foul Ball, location: 2F
2-2: Strikes out looking
Top of the 4th over - 0 runs, 0 hits, 0 errors, 0 left on base; Bowie 7 - Chattanooga 0
BOTTOM OF THE 4TH
Chattanooga Lookouts batting - Pitching for Bowie Baysox : LHP Freddy Gutierrez
Batting: RHB Michael McDonald 0-0: Foul Ball, location: 2F
0-1: Ball
1-1: Ball
2-1: Called Strike
2-2: Strikes out swinging
Batting: LHB Jon Ventura 0-0: Ball
1-0: Called Strike
1-1: Called Strike
1-2: Ball
2-2: Ground out 5-3 (Groundball, 5, EV 85.6 MPH)
Batting: RHB Nick Phipps 0-0: Ball
1-0: Called Strike
1-1: Fly out, F8 (Flyball, 8RD, EV 91.9 MPH)
Bottom of the 4th over - 0 runs, 0 hits, 0 errors, 0 left on base; Bowie 7 - Chattanooga 0
TOP OF THE 5TH
Bowie Baysox batting - Pitching for Chattanooga Lookouts : RHP John Morrison
Batting: RHB Muneer Maudad 0-0: Ball
1-0: Ball
2-0: Called Strike
2-1: Fly out, F9 (Flyball, 89M, EV 88.1 MPH)
Batting: LHB Justin Moore 0-0: Ball
1-0: Ball
2-0: SOLO HOME RUN (Flyball, 9LD, EV 96.2 MPH), Distance : 348 ft
Batting: RHB Travis Leonard 0-0: Ball
1-0: Called Strike
1-1: SINGLE (Line Drive, 7S, EV 106.2 MPH)
Batting: LHB Andrew Erens 0-0: Swinging Strike
0-1: Foul Ball, location: 2F
0-2: Strikes out swinging
Batting: RHB John Gray 0-0: Ball
1-0: Foul Ball, location: 2F
1-1: Ball
2-1: Ground out U3 (Groundball, 3S, EV 85.0 MPH)
Top of the 5th over - 1 run, 2 hits, 0 errors, 1 left on base; Bowie 8 - Chattanooga 0
BOTTOM OF THE 5TH
Chattanooga Lookouts batting - Pitching for Bowie Baysox : LHP Freddy Gutierrez
Batting: LHB Israel Montoya 0-0: Called Strike
0-1: Called Strike
0-2: Ball
1-2: Ball
2-2: Ball
3-2: Fly out, F8 (Flyball, 8RD, EV 86.2 MPH)
Batting: LHB David Campbell 0-0: SINGLE (Line Drive, 34D, EV 103.1 MPH)
Batting: RHB Jose Gracia 0-0: Ball
1-0: Called Strike
1-1: Called Strike
1-2: SINGLE (Line Drive, 34D, EV 95.6 MPH)
David Campbell to second
Runner from 2nd tries for 3rd, SAFE, throw by RF made to third
Batting: SHB Matt Urbani 0-0: Called Strike
0-1: Ball
1-1: Swinging Strike
1-2: Ball
2-2: Fly out, F9 (Flyball, 9, EV 86.9 MPH)
Runner from 3rd tags up, SCORES, throw by RF
Batting: RHB John Dew 0-0: Called Strike
0-1: Swinging Strike
0-2: Foul Ball, location: 2F
0-2: Strikes out swinging
Bottom of the 5th over - 1 run, 2 hits, 0 errors, 1 left on base; Bowie 8 - Chattanooga 1
TOP OF THE 6TH
Bowie Baysox batting - Pitching for Chattanooga Lookouts : RHP John Morrison
Batting: RHB Jeremy Sipe 0-0: Ball
1-0: SINGLE (Groundball, 6MS, EV 75.0 MPH) (infield hit)
Batting: RHB Ray Sims 0-0: Fielders Choice at 2nd, 4-6 (Groundball, 34, EV 101.2 MPH)
Batting: LHB Tom Edwards 0-0: Foul Ball, location: 2F
0-1: Called Strike
Ray Sims steals 2nd base
0-2: Ball
1-2: Strikes out swinging
Batting: RHB Joe Young 0-0: Swinging Strike
0-1: Ball
1-1: Ball
2-1: Foul Ball, location: 2F
2-2: Fly out, F7 (Flyball, 7, EV 78.8 MPH)
Top of the 6th over - 0 runs, 1 hit, 0 errors, 1 left on base; Bowie 8 - Chattanooga 1
BOTTOM OF THE 6TH
Chattanooga Lookouts batting - Pitching for Bowie Baysox : LHP Freddy Gutierrez
Batting: RHB Leo Gonzalez 0-0: Ball
1-0: Ball
2-0: Called Strike
2-1: Foul Ball, location: 2F
2-2: Strikes out swinging
Batting: RHB Michael McDonald 0-0: SINGLE (Line Drive, 89S, EV 109.4 MPH)
Batting: LHB Jon Ventura 0-0: Swinging Strike
0-1: Called Strike
0-2: Foul Ball, location: 2F
0-2: Ball
1-2: Ball
2-2: Ball
3-2: Foul Ball, location: 2F
3-2: Foul Ball, location: 2F
3-2: Foul Ball, location: 2F
3-2: Foul Ball, location: 2F
3-2: Strikes out looking
Pitching: RHP Cody Calderon
Batting: RHB Nick Phipps 0-0: Ball
1-0: Fly out, F6 (Popup, 6, EV 60.6 MPH)
Bottom of the 6th over - 0 runs, 1 hit, 0 errors, 1 left on base; Bowie 8 - Chattanooga 1
TOP OF THE 7TH
Bowie Baysox batting - Pitching for Chattanooga Lookouts : RHP John Morrison
Batting: RHB Muneer Maudad 0-0: Fly out, F9 (Flyball, 9D, EV 80.6 MPH)
Batting: LHB Justin Moore 0-0: Foul Ball, location: 2F
0-1: Ball
1-1: Called Strike
1-2: Ball
2-2: Ball
3-2: Base on Balls
Pitching: RHP Willie Romero
Pinch Hitting: LHB Shane Free 0-0: Swinging Strike
0-1: Called Strike
0-2: Strikes out swinging
Batting: LHB Andrew Erens 0-0: Foul Ball, location: 2F
0-1: Ball
1-1: Fielders Choice at 2nd, 6-4 (Groundball, 56, EV 106.2 MPH)
Top of the 7th over - 0 runs, 0 hits, 0 errors, 1 left on base; Bowie 8 - Chattanooga 1
BOTTOM OF THE 7TH
Chattanooga Lookouts batting - Pitching for Bowie Baysox : RHP Cody Calderon
Now at 2B: Shane Free
Now at SS: Jeremy Sipe
Batting: LHB Israel Montoya 0-0: Called Strike
0-1: Ball
1-1: Swinging Strike
1-2: Ground out 4-3 (Groundball, 4, EV 86.9 MPH)
Batting: LHB David Campbell 0-0: Called Strike
0-1: Ball
1-1: SINGLE (Groundball, 6M, EV 106.9 MPH)
Batting: RHB Jose Gracia 0-0: Ball
1-0: Grounds into double play, 5-4-3 (Groundball, 56, EV 90.0 MPH)
Bottom of the 7th over - 0 runs, 1 hit, 0 errors, 0 left on base; Bowie 8 - Chattanooga 1
TOP OF THE 8TH
Bowie Baysox batting - Pitching for Chattanooga Lookouts : RHP Willie Romero
Batting: RHB John Gray 0-0: Ball
1-0: Ball
2-0: Called Strike
2-1: Foul Ball, location: 2F
2-2: DOUBLE (Line Drive, 9LM, EV 90.6 MPH)
Batting: RHB Jeremy Sipe 0-0: Called Strike
0-1: Ball
1-1: Ball
2-1: Ground out 5-3 (Groundball, 56S, EV 84.4 MPH)
Batting: RHB Ray Sims 0-0: Called Strike
0-1: Ball
1-1: Foul Ball, location: 2F
1-2: Foul Ball, location: 2F
1-2: Ball
2-2: Strikes out looking
Pinch Hitting: RHB HonĂ³rio Szenes 0-0: Called Strike
0-1: Ball
1-1: Ball
Wild Pitch!
John Gray to third
2-1: Ball
3-1: Fly out, F7 (Line Drive, 7, EV 90.6 MPH)
Top of the 8th over - 0 runs, 1 hit, 0 errors, 1 left on base; Bowie 8 - Chattanooga 1
BOTTOM OF THE 8TH
Chattanooga Lookouts batting - Pitching for Bowie Baysox : RHP Cody Calderon
Now at 1B: Jeremy Sipe
Now at 3B: Joe Young
Now at SS: HonĂ³rio Szenes
Batting: SHB Matt Urbani 0-0: Ball
1-0: Ground out U3 (Groundball, 34, EV 110.0 MPH)
Batting: RHB John Dew 0-0: Called Strike
0-1: Foul Ball, location: 2F
0-2: Ground out 6-3 (Groundball, 6, EV 87.5 MPH)
Batting: RHB Leo Gonzalez 0-0: Foul Ball, location: 2F
0-1: Ball
1-1: Ground out U3 (Groundball, 3S, EV 82.5 MPH)
Bottom of the 8th over - 0 runs, 0 hits, 0 errors, 0 left on base; Bowie 8 - Chattanooga 1
TOP OF THE 9TH
Bowie Baysox batting - Pitching for Chattanooga Lookouts : RHP Willie Romero
Batting: RHB Joe Young 0-0: Ball
1-0: Ball
2-0: Ball
3-0: Base on Balls
Batting: RHB Muneer Maudad 0-0: Ball
1-0: SINGLE (Line Drive, 8RS, EV 110.6 MPH)
Joe Young to second
Batting: LHB Justin Moore 0-0: Foul Ball, location: 2F
0-1: Fielders Choice at 2nd, 1-6 (Groundball, 34S, EV 68.1 MPH)
Joe Young to third
Batting: LHB Shane Free 0-0: Ball
1-0: Ball
2-0: Fielders Choice at 2nd, 5-4 (Groundball, 56, EV 101.2 MPH)
Joe Young scores
Batting: LHB Andrew Erens 0-0: Ball
1-0: Foul Ball, location: 2F
1-1: Ball
2-1: Ball
Shane Free steals 2nd base
3-1: Base on Balls
Batting: RHB John Gray 0-0: Swinging Strike
0-1: Called Strike
0-2: Reached on error, E5 (Groundball, 56, EV 98.8 MPH)
Shane Free to third
Andrew Erens to second
Batting: RHB Jeremy Sipe 0-0: Fly out, F8 (Flyball, 8LXD, EV 106.9 MPH)
Top of the 9th over - 1 run, 1 hit, 1 error, 3 left on base; Bowie 9 - Chattanooga 1
BOTTOM OF THE 9TH
Chattanooga Lookouts batting - Pitching for Bowie Baysox : RHP Cody Calderon
Batting: RHB Michael McDonald 0-0: Ball
1-0: Ball
2-0: Foul Ball, location: 2F
2-1: Ball
3-1: Foul Ball, location: 2F
3-2: Base on Balls
Batting: LHB Jon Ventura 0-0: Ball
1-0: Called Strike
1-1: Grounds into double play, 5-4-3 (Groundball, 5, EV 80.0 MPH)
Batting: RHB Nick Phipps 0-0: Ball
1-0: Fly out, F7 (Flyball, 7, EV 96.2 MPH)
Bottom of the 9th over - 0 runs, 0 hits, 0 errors, 0 left on base; Bowie 9 - Chattanooga 1
Tuesday, March 28th , 2023 - OOTP Baseball 23.10 Build 110